TOP OF THE 1ST |
Richmond Flairs batting - Pitching for Havana Rollers : RHP Suezo Morimoto
|
Pitching: RHP Suezo Morimoto
|
|
Batting: RHB Javier Rentería
|
0-0: Ball 1-0: Ground out 6-3 (Groundball, 6D)
|
Batting: RHB Alberto Hernández
|
0-0: Ground out 6-3 (Groundball, 6M)
|
Batting: RHB Elliott Johnston
|
0-0: Ball 1-0: Ball 2-0: Called Strike 2-1: SOLO HOME RUN (Flyball, 7D), Distance : 385 ft
|
Batting: LHB Roland Jones
|
0-0: Ball 1-0: Called Strike 1-1: Ball 2-1: Foul Ball, location: 2F 2-2: Foul Ball, location: 2F 2-2: Ball 3-2: Base on Balls
|
Batting: RHB R.J. Crosby
|
0-0: Called Strike 0-1: Ball 1-1: Fly out, F8 (Popup, 8RS)
|
Top of the 1st over - 1 run(s), 1 hit(s), 0 error(s), 1 left on base; Richmond 1 - Havana 0 |
BOTTOM OF THE 1ST |
Havana Rollers batting - Pitching for Richmond Flairs : RHP Lorenzo Aguilar
|
Pitching: RHP Lorenzo Aguilar
|
|
Batting: LHB Jimmy Husted
|
0-0: Ball 1-0: Swinging Strike 1-1: Ground out 3-1 (Groundball, 34)
|
Batting: RHB Francisco Rincón
|
0-0: Called Strike 0-1: Foul Ball, location: 2F 0-2: Foul Ball, location: 2F 0-2: Ball 1-2: Ball 2-2: Ball 3-2: Strikes out swinging
|
Batting: LHB Enrique Cortéz
|
0-0: Ball 1-0: SINGLE (Line Drive, 3D)
|
Batting: LHB Wilson Allen
|
0-0: Ball 1-0: Called Strike 1-1: Ball 2-1: Called Strike 2-2: Strikes out looking
|
Bottom of the 1st over - 0 run(s), 1 hit(s), 0 error(s), 1 left on base; Richmond 1 - Havana 0 |
TOP OF THE 2ND |
Richmond Flairs batting - Pitching for Havana Rollers : RHP Suezo Morimoto
|
Batting: LHB Luis Villa
|
0-0: Ball 1-0: Ball 2-0: Swinging Strike 2-1: DOUBLE (Flyball, 89XD)
|
Batting: RHB Jack Ray
|
0-0: Ball 1-0: Called Strike 1-1: Foul Ball, location: 2F 1-2: Foul Ball, location: 2F 1-2: Foul Ball, location: 2F 1-2: SINGLE (Line Drive, 3) Luis Villa to third
|
Batting: RHB Christian Hudson
|
0-0: SINGLE (Flyball, 89S) Luis Villa scores Jack Ray to second Runner from 2nd tries for 3rd, SAFE, no throw or cutoff
|
Batting: SHB Carlos Reyes
|
0-0: Ball 1-0: Ball 2-0: Fielders Choice at 2nd, 3-6 (Groundball, 34) Jack Ray scores
|
Batting: RHB Javier Rentería
|
0-0: Called Strike 0-1: Ball 1-1: Foul Ball, location: 2F 1-2: Ball 2-2: Ball 3-2: Strikes out looking
|
Batting: RHB Alberto Hernández
|
0-0: TRIPLE (Flyball, 8LXD) Carlos Reyes scores
|
Batting: RHB Elliott Johnston
|
0-0: Ball 1-0: Ball 2-0: Ball 3-0: Base on Balls
|
Batting: LHB Roland Jones
|
0-0: Ball 1-0: SINGLE (Groundball, 6MD) Alberto Hernández scores Elliott Johnston to second
|
Batting: RHB R.J. Crosby
|
0-0: Foul Ball, location: 2F 0-1: Ground out 6-3 (Groundball, 6)
|
Top of the 2nd over - 4 run(s), 5 hit(s), 0 error(s), 2 left on base; Richmond 5 - Havana 0 |
BOTTOM OF THE 2ND |
Havana Rollers batting - Pitching for Richmond Flairs : RHP Lorenzo Aguilar
|
Batting: SHB Pepe Piña
|
0-0: Called Strike 0-1: Foul Ball, location: 2F 0-2: Ball 1-2: Foul Ball, location: 2F 1-2: Foul Ball, location: 2F 1-2: Ball 2-2: Ground out 1-3 (Groundball, 13)
|
Batting: RHB Salvador Borbón
|
0-0: Foul Ball, location: 2F 0-1: Foul Ball, location: 2F 0-2: Ball 1-2: Ball 2-2: SOLO HOME RUN (Flyball, 8LXD), Distance : 436 ft
|
Batting: RHB Jack Bailey
|
0-0: Foul Ball, location: 2F 0-1: Foul Ball, location: 2F 0-2: Strikes out looking
|
Batting: LHB Gyu-sik Yi
|
0-0: Foul Ball, location: 2F 0-1: Ball 1-1: Swinging Strike 1-2: Foul Ball, location: 2F 1-2: Fly out, F7 (Flyball, 7LMF)
|
Bottom of the 2nd over - 1 run(s), 1 hit(s), 0 error(s), 0 left on base; Richmond 5 - Havana 1 |
TOP OF THE 3RD |
Richmond Flairs batting - Pitching for Havana Rollers : RHP Suezo Morimoto
|
Batting: LHB Luis Villa
|
0-0: Foul Ball, location: 2F 0-1: Ball 1-1: Foul Ball, location: 2F 1-2: Strikes out swinging
|
Batting: RHB Jack Ray
|
0-0: Called Strike 0-1: SINGLE (Groundball, 56D)
|
Batting: RHB Christian Hudson
|
0-0: Called Strike 0-1: Foul Ball, location: 2F 0-2: Ball 1-2: SINGLE (Groundball, 6MD) Jack Ray to second Runner from 2nd tries for 3rd, SAFE, throw made to third
|
Batting: SHB Carlos Reyes
|
0-0: Called Strike 0-1: Ball 1-1: Foul Ball, location: 2F 1-2: Ball 2-2: Ball 3-2: Base on Balls Christian Hudson to second
|
Batting: RHB Javier Rentería
|
0-0: Foul Ball, location: 2F 0-1: SINGLE (Flyball, 9LS) Jack Ray scores Christian Hudson to third Carlos Reyes to second Runner from 3rd tries for Home, SAFE, throw made home
|
Batting: RHB Alberto Hernández
|
0-0: SINGLE (Groundball, 5D) Carlos Reyes to third Javier Rentería to second Runner from 3rd tries for Home, throw and OUT! Javier Rentería to third Alberto Hernández to second
|
Batting: RHB Elliott Johnston
|
0-0: SINGLE (Line Drive, 4MD) Javier Rentería scores Alberto Hernández to third Runner from 3rd tries for Home, throw and OUT!
|
Top of the 3rd over - 3 run(s), 5 hit(s), 0 error(s), 1 left on base; Richmond 8 - Havana 1 |
BOTTOM OF THE 3RD |
Havana Rollers batting - Pitching for Richmond Flairs : RHP Lorenzo Aguilar
|
Batting: LHB José Torres
|
0-0: Swinging Strike 0-1: Called Strike 0-2: Ball 1-2: Strikes out swinging
|
Batting: LHB Jimmy Husted
|
0-0: Ball 1-0: Called Strike 1-1: Ball 2-1: Foul Ball, location: 2F 2-2: SINGLE (Groundball, 34)
|
Batting: RHB Francisco Rincón
|
0-0: Ball 1-0: Called Strike 1-1: SINGLE (Line Drive, 4MD) Jimmy Husted to second
|
Batting: LHB Enrique Cortéz
|
0-0: Ball Jimmy Husted steals 3rd base Francisco Rincón to second 1-0: SINGLE (Groundball, 25) (infield hit)
|
Batting: LHB Wilson Allen
|
0-0: Ball 1-0: Foul Ball, location: 2F 1-1: GRAND SLAM HOME RUN (Flyball, 9D), Distance : 396 ft
|
Batting: SHB Pepe Piña
|
0-0: Ball 1-0: Swinging Strike 1-1: Ball 2-1: Foul Ball, location: 2F 2-2: Foul Ball, location: 2F 2-2: Ball 3-2: Foul Ball, location: 2F 3-2: Strikes out swinging
|
Batting: RHB Salvador Borbón
|
0-0: Ball 1-0: Ball 2-0: Ground out 1-3 (Groundball, 23)
|
Bottom of the 3rd over - 4 run(s), 4 hit(s), 0 error(s), 0 left on base; Richmond 8 - Havana 5 |
TOP OF THE 4TH |
Richmond Flairs batting - Pitching for Havana Rollers : RHP Suezo Morimoto
|
Pitching: RHP Ramiro Piña
|
|
Batting: LHB Roland Jones
|
0-0: Ground out U3 (Groundball, 3)
|
Batting: RHB R.J. Crosby
|
0-0: Called Strike 0-1: Ball 1-1: Fly out, F6 (Line Drive, 6)
|
Batting: LHB Luis Villa
|
0-0: Ball 1-0: Ball 2-0: Ball 3-0: Called Strike 3-1: Called Strike 3-2: SINGLE (Groundball, 6MD)
|
Batting: RHB Jack Ray
|
0-0: Ball 1-0: Called Strike 1-1: Foul Ball, location: 2F 1-2: Foul Ball, location: 2F 1-2: Ball 2-2: Ball 3-2: Base on Balls Luis Villa to second
|
Batting: RHB Christian Hudson
|
0-0: Called Strike 0-1: Ball 1-1: Swinging Strike 1-2: Foul Ball, location: 2F 1-2: Strikes out swinging
|
Top of the 4th over - 0 run(s), 1 hit(s), 0 error(s), 2 left on base; Richmond 8 - Havana 5 |
BOTTOM OF THE 4TH |
Havana Rollers batting - Pitching for Richmond Flairs : RHP Lorenzo Aguilar
|
Batting: RHB Jack Bailey
|
0-0: Ball 1-0: Ball 2-0: Foul Ball, location: 2F 2-1: Ball 3-1: Called Strike 3-2: Strikes out swinging, 2-3 out at first.
|
Batting: LHB Gyu-sik Yi
|
0-0: Called Strike 0-1: Ball 1-1: Ball 2-1: SINGLE (Groundball, 34D)
|
Batting: LHB José Torres
|
0-0: Called Strike 0-1: Foul Ball, location: 2F 0-2: SINGLE (Flyball, 89S) Gyu-sik Yi to second
|
Batting: LHB Jimmy Husted
|
0-0: Ball 1-0: Ball 2-0: Ball 3-0: Base on Balls Gyu-sik Yi to third José Torres to second
|
Batting: RHB Francisco Rincón
|
0-0: Ball 1-0: Called Strike 1-1: Swinging Strike 1-2: Ball 2-2: Fly out, F9 (Line Drive, 89M) Runner from 3rd tags up, SCORES, throw made
|
Batting: LHB Enrique Cortéz
|
0-0: Ball 1-0: Swinging Strike 1-1: Ball 2-1: Ball 3-1: Fielders Choice at 2nd, U6 (Groundball, 6M)
|
Bottom of the 4th over - 1 run(s), 2 hit(s), 0 error(s), 2 left on base; Richmond 8 - Havana 6 |
TOP OF THE 5TH |
Richmond Flairs batting - Pitching for Havana Rollers : RHP Ramiro Piña
|
Batting: SHB Carlos Reyes
|
0-0: Foul Ball, location: 2F 0-1: Ground out U3 (Groundball, 3)
|
Batting: RHB Javier Rentería
|
0-0: Ball 1-0: SINGLE (Flyball, 8RS)
|
Batting: RHB Alberto Hernández
|
0-0: Ball 1-0: Foul Ball, location: 2F 1-1: Ball Javier Rentería is caught stealing 2nd base 2-1: Called Strike 2-2: Ground out 1-3 (Groundball, 15)
|
Top of the 5th over - 0 run(s), 1 hit(s), 0 error(s), 0 left on base; Richmond 8 - Havana 6 |
BOTTOM OF THE 5TH |
Havana Rollers batting - Pitching for Richmond Flairs : RHP Lorenzo Aguilar
|
Batting: LHB Wilson Allen
|
0-0: Ball 1-0: Ball 2-0: Called Strike 2-1: Called Strike 2-2: Strikes out swinging
|
Batting: SHB Pepe Piña
|
0-0: Ball 1-0: Ground out U3 (Groundball, 3S)
|
Batting: RHB Salvador Borbón
|
0-0: Swinging Strike 0-1: Swinging Strike 0-2: Strikes out looking
|
Bottom of the 5th over - 0 run(s), 0 hit(s), 0 error(s), 0 left on base; Richmond 8 - Havana 6 |
TOP OF THE 6TH |
Richmond Flairs batting - Pitching for Havana Rollers : RHP Ramiro Piña
|
Batting: RHB Elliott Johnston
|
0-0: Called Strike 0-1: Ground out U3 (Groundball, 3L)
|
Batting: LHB Roland Jones
|
0-0: Ground out 6-3 (Groundball, 6)
|
Batting: RHB R.J. Crosby
|
0-0: Ground out 1-3 (Groundball, 15)
|
Top of the 6th over - 0 run(s), 0 hit(s), 0 error(s), 0 left on base; Richmond 8 - Havana 6 |
BOTTOM OF THE 6TH |
Havana Rollers batting - Pitching for Richmond Flairs : RHP Lorenzo Aguilar
|
Pitching: LHP Orlando Díaz
|
|
Batting: RHB Jack Bailey
|
0-0: Ball 1-0: Ball 2-0: Called Strike 2-1: Ball 3-1: Base on Balls
|
Batting: LHB Gyu-sik Yi
|
0-0: Foul Ball, location: 2F 0-1: Swinging Strike 0-2: Ball 1-2: Foul Ball, location: 2F 1-2: Foul Ball, location: 2F 1-2: Foul Ball, location: 2F 1-2: Strikes out swinging
|
Batting: LHB José Torres
|
0-0: Ball 1-0: Ball 2-0: Ball 3-0: Called Strike 3-1: Swinging Strike 3-2: Strikes out swinging
|
Batting: LHB Jimmy Husted
|
0-0: Foul Ball, location: 2F 0-1: Foul Ball, location: 2F 0-2: Ball 1-2: Foul Ball, location: 2F 1-2: SINGLE (Groundball, 6MD) Jack Bailey to second
|
Batting: RHB Francisco Rincón
|
0-0: Ball 1-0: Foul Ball, location: 2F 1-1: Fly out, F8 (Flyball, 8LD)
|
Bottom of the 6th over - 0 run(s), 1 hit(s), 0 error(s), 2 left on base; Richmond 8 - Havana 6 |
TOP OF THE 7TH |
Richmond Flairs batting - Pitching for Havana Rollers : RHP Ramiro Piña
|
Pitching: LHP Jorge Gómez
|
|
Batting: LHB Luis Villa
|
0-0: Called Strike 0-1: Called Strike 0-2: Strikes out looking
|
Batting: RHB Jack Ray
|
0-0: Ball 1-0: Swinging Strike 1-1: SINGLE (Line Drive, 8LS)
|
Batting: RHB Christian Hudson
|
0-0: Swinging Strike 0-1: Foul Ball, location: 2F 0-2: Foul Ball, location: 2F 0-2: Strikes out swinging
|
Batting: SHB Carlos Reyes
|
0-0: Called Strike 0-1: Called Strike 0-2: Strikes out swinging
|
Top of the 7th over - 0 run(s), 1 hit(s), 0 error(s), 1 left on base; Richmond 8 - Havana 6 |
BOTTOM OF THE 7TH |
Havana Rollers batting - Pitching for Richmond Flairs : LHP Orlando Díaz
|
Batting: LHB Enrique Cortéz
|
0-0: Fly out, F6 (Popup, 6D)
|
Batting: LHB Wilson Allen
|
0-0: Ball 1-0: SOLO HOME RUN (Flyball, 89XD), Distance : 432 ft
|
Batting: SHB Pepe Piña
|
0-0: Hit by Pitch
|
Batting: RHB Salvador Borbón
|
0-0: 2-RUN HOME RUN (Flyball, 7D), Distance : 371 ft
|
Pitching: LHP Takaaki Omori
|
|
Batting: RHB Jack Bailey
|
0-0: Ball 1-0: Foul Ball, location: 2F 1-1: Ball 2-1: Swinging Strike 2-2: Ground out 4-3 (Groundball, 34)
|
Batting: LHB Gyu-sik Yi
|
0-0: Swinging Strike 0-1: Foul Ball, location: 2F 0-2: Foul Ball, location: 2F 0-2: Ball 1-2: Ball 2-2: Ball 3-2: Strikes out swinging
|
Bottom of the 7th over - 3 run(s), 2 hit(s), 0 error(s), 0 left on base; Richmond 8 - Havana 9 |
TOP OF THE 8TH |
Richmond Flairs batting - Pitching for Havana Rollers : LHP Jorge Gómez
|
Pitching: RHP Alejandro Pérez
|
|
Now in LF: Paul Bailey
|
|
Batting: RHB Javier Rentería
|
0-0: Ball 1-0: Ground out 5-3 (Groundball, 56S)
|
Batting: RHB Alberto Hernández
|
0-0: Ground out 5-3 (Groundball, 5)
|
Batting: RHB Elliott Johnston
|
0-0: Foul Ball, location: 2F 0-1: Ball 1-1: Foul Ball, location: 2F 1-2: Foul Ball, location: 2F 1-2: Strikes out swinging
|
Top of the 8th over - 0 run(s), 0 hit(s), 0 error(s), 0 left on base; Richmond 8 - Havana 9 |
BOTTOM OF THE 8TH |
Havana Rollers batting - Pitching for Richmond Flairs : LHP Takaaki Omori
|
Batting: LHB José Torres
|
0-0: Called Strike 0-1: SOLO HOME RUN (Flyball, 78XD), Distance : 396 ft
|
Batting: LHB Jimmy Husted
|
0-0: Ball 1-0: Foul Ball, location: 2F 1-1: Swinging Strike 1-2: Ball 2-2: Strikes out swinging
|
Batting: RHB Francisco Rincón
|
0-0: Ball 1-0: Ball 2-0: Ball 3-0: Base on Balls
|
Batting: LHB Enrique Cortéz
|
0-0: Called Strike 0-1: Foul Ball, location: 2F 0-2: Ball 1-2: Ball 2-2: Fly out, F8 (Flyball, 8LS)
|
Batting: LHB Wilson Allen
|
0-0: SINGLE (Flyball, 8RS) Francisco Rincón to second Runner from 2nd tries for 3rd, SAFE, throw made to third
|
Batting: SHB Pepe Piña
|
0-0: Fly out, F8 (Flyball, 8RD)
|
Bottom of the 8th over - 1 run(s), 2 hit(s), 0 error(s), 2 left on base; Richmond 8 - Havana 10 |
TOP OF THE 9TH |
Richmond Flairs batting - Pitching for Havana Rollers : RHP Alejandro Pérez
|
Pitching: RHP Augusto Muñíz
|
|
Batting: LHB Roland Jones
|
0-0: Called Strike 0-1: Ball 1-1: Ball 2-1: Swinging Strike 2-2: Strikes out swinging
|
Batting: RHB R.J. Crosby
|
0-0: Foul Ball, location: 2F 0-1: Ball 1-1: Ground out 5-3 (Groundball, 56)
|
Batting: LHB Luis Villa
|
0-0: Ball 1-0: DOUBLE (Groundball, 5L)
|
Pinch Hitting: LHB Katsuyoshi Kiyomizu
|
0-0: Called Strike 0-1: Ground out U3 (Groundball, 3)
|
Top of the 9th over - 0 run(s), 1 hit(s), 0 error(s), 1 left on base; Richmond 8 - Havana 10 |
|